Map: Alcyone LE

Players

Nitix

  • Race: Zerg Zerg
  • Spawn Location: 1:00

Fjant - Winner!

  • Race: Zerg Zerg
  • League: Master
  • Spawn Location: 7:00

Event: Bellum Gens Elite Stara Zagora 2024

VOD

Have the link to the VOD?

Description

Time

  • Played on: Sept. 6, 2024, 2:21 p.m.
  • Length: 10:15

All games in this series

Show
View Real Time Build Order
Export as new Build Order

Nitix Zerg 

Build Orders: Hatch First 

Get SALT Encoding   

  12  0:00  Drone  
  13  0:11  Overlord  
  13  0:16  Drone  
  14  0:30  Drone x2  
  16  0:47  Hatchery  
  15  0:50  Drone  
  15  0:54  Drone  
  17  0:58  Drone  
  18  1:08  Extractor  
  17  1:13  Spawning Pool  
  17  1:15  Drone  
  17  1:19  Drone  
  18  1:27  Drone  
  19  1:38  Drone  
  20  1:49  Drone  
  21  1:59  Overlord  
  21  2:00  Queen x2  
  21  2:01  Zergling x2  
  26  2:08  Metabolic Boost  
  26  2:10  Drone  
  26  2:11  Drone  
  28  2:22  Zergling x4  
  30  2:32  Hatchery  
  29  2:45  Drone x3  
  29  2:50  Baneling Nest  
  31  2:56  Drone x2  
  31  2:57  Overlord  
  33  3:07  Drone x2  
  33  3:10  Drone  
  36  3:13  Overlord  
  36  3:16  Zergling x4  
  36  3:17  Zergling x4  
  40  3:31  Evolution Chamber  
  40  3:33  Drone x4  
  43  3:39  Drone  
  44  3:46  Drone  
  45  3:48  Baneling x2  
  45  3:50  Baneling  
  45  3:51  Baneling  
  45  3:53  Drone x6  
  51  3:56  Extractor  
  51  3:57  Extractor  
  51  3:58  Roach Warren  
  47  4:10  Zerg Missile Weapons Level 1  
  47  4:11  Drone x2  
  47  4:12  Drone x3  
  52  4:18  Zergling x8  
  52  4:19  Zergling x2  
  57  4:27  Overlord x2  
  57  4:37  Queen  
  58  4:46  Overlord  
  58  4:50  Drone x6  
  63  4:56  Lair  
  63  4:58  Overlord x2  
  63  5:06  Roach x2  
  63  5:07  Roach x3  
  72  5:15  Roach  
  72  5:16  Roach x3  
  73  5:23  Queen  
  72  5:30  Extractor  
  71  5:42  Drone x2  
  73  5:43  Drone x5  
  73  5:46  Roach  
  73  5:47  Roach x6  
  90  5:52  Spine Crawler  
  90  5:55  Glial Reconstitution  
  89  6:03  Ravager  
  90  6:06  Zerg Missile Weapons Level 2  
  89  6:11  Roach x4  
  89  6:13  Drone  
  89  6:15  Overlord x4  
  89  6:17  Extractor  
  89  6:18  Extractor  
  96  6:22  Baneling x2  
  96  6:29  Overlord  
  96  6:36  Roach x6  
  104  6:46  Roach x4  
  111  6:49  Drone  
  111  6:50  Drone x4  
  116  6:55  Roach  
  116  6:59  Pneumatized Carapace  
  118  7:11  Roach x7  
  131  7:37  Hatchery  
  131  7:40  Spore Crawler  
  131  7:41  Spore Crawler x2  
  127  7:44  Extractor  
  127  7:45  Infestation Pit  
  127  7:46  Hydralisk Den  
  127  7:48  Queen x2  
  127  7:49  Overlord x3  
  127  7:50  Overlord x2  
  130  7:53  Tunneling Claws  
  130  8:04  Drone  
  130  8:05  Overlord x2  
  130  8:10  Drone x6  
  132  8:21  Hive  
  130  8:27  Drone x2  
  130  8:28  Drone x5  
  130  8:31  Grooved Spines  
  130  8:32  Infestor  
  130  8:33  Hydralisk x2  
  141  8:35  Hydralisk  
  137  8:48  Lurker Den  
  137  8:52  Hydralisk x5  
  142  8:56  Drone x2  
  142  9:01  Roach x3  
  148  9:09  Ravager x2  
  148  9:10  Ravager x2  
  148  9:11  Roach  
  146  9:19  Roach x4  
  144  9:28  Roach x5  
  120  9:52  Roach x9  
  119  9:56  Roach  
Show
View Real Time Build Order
Export as new Build Order

Fjant Zerg - Winner!

Build Orders: Hatch First 

Get SALT Encoding   

  12  0:00  Drone  
  13  0:12  Overlord  
  13  0:16  Drone  
  14  0:31  Drone x2  
  16  0:50  Drone  
  16  0:53  Hatchery  
  16  0:55  Drone  
  17  1:00  Drone  
  18  1:09  Extractor  
  17  1:13  Spawning Pool  
  17  1:16  Drone  
  17  1:18  Drone  
  18  1:28  Drone  
  19  1:39  Drone  
  20  1:50  Drone  
  21  2:04  Queen x2  
  21  2:05  Zergling x2  
  21  2:06  Overlord  
  26  2:10  Drone  
  26  2:12  Metabolic Boost  
  27  2:15  Drone  
  28  2:25  Drone  
  28  2:27  Drone  
  30  2:35  Hatchery  
  29  2:40  Drone  
  29  2:44  Drone  
  29  2:48  Baneling Nest  
  29  2:49  Zergling x4  
  31  2:54  Zergling x2  
  32  2:58  Overlord  
  32  3:09  Drone x2  
  34  3:16  Drone  
  35  3:26  Overlord  
  35  3:28  Zergling x2  
  35  3:29  Zergling x4  
  35  3:32  Drone x3  
  41  3:37  Queen  
  41  3:39  Roach Warren, Overlord  
  41  3:41  Drone  
  43  3:45  Baneling  
  43  3:46  Drone x3  
  46  3:50  Baneling  
  46  3:51  Drone x2  
  48  3:57  Evolution Chamber  
  48  3:58  Drone x2  
  48  4:01  Zergling x2  
  48  4:02  Baneling  
  50  4:03  Drone  
  50  4:08  Drone  
  50  4:09  Drone  
  53  4:11  Drone x2  
  53  4:13  Extractor  
  53  4:16  Drone  
  55  4:23  Drone  
  56  4:25  Lair  
  56  4:32  Extractor  
  56  4:33  Drone  
  50  4:40  Drone x2, Overlord  
  50  4:42  Drone x3  
  55  4:49  Drone x2  
  56  4:53  Zerg Missile Weapons Level 1  
  56  4:58  Roach x2  
  60  5:04  Roach  
  60  5:06  Zergling x8  
  66  5:16  Roach x3  
  68  5:21  Zergling x6  
  68  5:22  Zergling x4  
  68  5:25  Drone  
  68  5:26  Drone, Overlord  
  68  5:27  Drone  
  73  5:28  Drone  
  73  5:30  Glial Reconstitution  
  73  5:34  Overlord  
  73  5:35  Overlord  
  73  5:39  Overlord  
  73  5:43  Overlord  
  73  5:45  Drone  
  73  5:49  Overlord  
  74  5:54  Drone x3  
  74  5:55  Drone, Spire  
  74  5:56  Extractor  
  76  5:57  Extractor  
  76  6:03  Drone x3  
  77  6:05  Drone x3  
  77  6:06  Drone x4  
  77  6:08  Queen  
  84  6:17  Roach x3  
  89  6:28  Drone x3  
  89  6:30  Extractor  
  91  6:39  Roach  
  95  6:40  Roach x3  
  91  6:53  Overlord  
  91  6:54  Roach  
  91  6:55  Roach x6  
  104  7:04  Overlord  
  102  7:08  Mutalisk x2  
  102  7:10  Mutalisk x2  
  102  7:13  Mutalisk  
  112  7:18  Mutalisk  
  112  7:22  Drone x4  
  118  7:25  Roach x4  
  118  7:28  Roach  
  128  7:32  Mutalisk  
  129  7:38  Roach x2  
  132  7:45  Roach x2  
  136  7:52  Zerg Missile Weapons Level 2  
  136  7:57  Overlord  
  136  8:05  Overlord  
  136  8:07  Overlord x2  
  136  8:10  Hatchery  
  136  8:11  Overlord  
  135  8:15  Roach x5  
  145  8:20  Overlord  
  145  8:24  Ravager  
  145  8:25  Ravager x3  
  145  8:26  Roach x7  
  163  8:29  Drone  
  163  8:30  Drone x2  
  163  8:33  Roach  
  168  8:37  Roach x2  
  172  8:50  Roach x5  
  178  8:56  Roach  
  178  9:02  Roach x2  
  182  9:28  Roach x7  
  182  9:29  Roach  
  175  9:39  Roach x3  
  155  9:55  Roach x7  
  155  9:56  Overlord  
Tags
 
Add a new tag
Caveats
  • Supply blocks, unpowered buildings, or Contaminate may cause inaccurate times.
  • Supply counts are checked every 10 seconds.